 Dungeon Crawl Stone Soup version 0.20.2-3-g29329e0561 (webtiles) character file.

6982 Alfie the Carver (level 10, -4/88 HPs)
             Began as a Minotaur Fighter on Nov 23, 2020.
             Killed from afar by an orc wizard (6 damage)
             ... with a puff of frost
             ... on level 10 of the Dungeon.
             The game lasted 00:21:48 (7146 turns).

Alfie the Carver (Minotaur Fighter)                 Turns: 7146, Time: 00:21:49

Health: -4/88      AC: 10    Str: 24    XL:     10   Next: 81%
Magic:  9/9        EV: 11    Int:  6    God:
Gold:   203        SH: 13    Dex:  9    Spells: 9/9 levels left

rFire    . . .     SeeInvis .   a - +3 long sword (venom)
rCold    . . .     Gourm    .   c - +1 shield
rNeg     . . .     Faith    .   b - +1 scale mail
rPois    +         Spirit   .   (helmet restricted)
rElec    .         Reflect  .   (no cloak)
rCorr    .         Harm     .   (no gloves)
MR       .....                  h - +0 pair of boots
Stlth    +.........             (no amulet)
Regen    0.3/turn               F - ring of poison resistance
MPRegen  0.2/turn               I - ring of stealth

@: no status effects
A: retaliatory headbutt, horns 2
a: no special abilities


You were on level 10 of the Dungeon.
You were not hungry.

You visited 1 branch of the dungeon, and saw 10 of its levels.
You also visited: Sewer.

You collected 743 gold pieces.
You spent 540 gold pieces at shops.

Inventory:

Hand Weapons
 a - a +3 long sword of venom (weapon)
Missiles
 w - 9 tomahawks (quivered)
Armour
 b - a +1 scale mail (worn)
 c - a +1 shield (worn)
 h - a +0 pair of boots (worn)
Jewellery
 l - an uncursed ring of ice
 o - an uncursed ring of protection from cold
 s - an uncursed amulet of magic regeneration
 y - an uncursed ring of protection from fire
 A - an uncursed ring of positive energy {unknown}
 F - a ring of poison resistance (left hand)
 I - a ring of stealth (right hand)
Wands
 d - a wand of confusion (38/48)
 e - a wand of flame (48/48)
 k - a wand of enslavement (4/24)
 p - a wand of flame (30/48)
 r - a wand of disintegration (14/24)
 z - a wand of acid (9/15)
 B - a wand of flame (25/48)
 E - a wand of paralysis (10/24)
 G - a wand of clouds (7/9)
 J - a wand of enslavement (7/24)
 K - a wand of clouds (3/9)
 O - a wand of disintegration (11/24)
 P - a wand of paralysis (15/24)
 S - a wand of paralysis (11/24)
Scrolls
 g - 4 scrolls of identify
 i - 3 scrolls of teleportation
 n - 6 scrolls of remove curse
 t - a scroll of magic mapping
 u - 2 scrolls of fear
 v - a scroll of fog
 M - a scroll of amnesia
 N - a scroll of holy word {unknown}
Potions
 j - 2 potions of brilliance
 C - a potion of degeneration {unknown}
 H - 2 potions of heal wounds {unknown}
 L - a potion of ambrosia
 Q - a potion of resistance {unknown}
Books
 D - a book of Debilitation

   Spells                             Type                      Level
   a - Corona                         Hexes                        1
   b - Slow                           Hexes                        2
   c - Inner Flame                    Hexes/Fire                   3
   d - Portal Projectile              Hexes/Translocation          3
   e - Cause Fear                     Hexes                        4
   f - Leda's Liquefaction            Hexes/Earth                  4
Comestibles
 f - 9 bread rations
 m - 5 fruits
 q - 2 royal jellies
 x - 4 meat rations


   Skills:
 + Level 8.2 Fighting
 + Level 11.6 Long Blades
 + Level 9.1 Armour
 + Level 5.5 Dodging
 + Level 1.0 Stealth
 + Level 10.5 Shields


You had 9 spell levels left.
You didn't know any spells.

Dungeon Overview and Level Annotations

Branches:
Dungeon (10/15)            Temple (0/1) D:6
   Lair: D:8-11         Orc: D:9-12

Altars:
Nemelex Xobeh
Okawaru
Trog
Uskayaw

Shops:
D:8 %   D:9 *


Innate Abilities, Weirdness & Mutations

You reflexively headbutt those who attack you in melee.
You have a pair of horns on your head.


Message History

You hit the orc.
The orc is poisoned.
You headbutt the orc, but do no damage.
The orc is moderately wounded.
You block the orc's attack.
The orc moves out of view.
The orc warrior closely misses you.
You slash the orc!
You kill the orc! 2 orcs come into view. 2 orcs come into view.
The orc shouts!
You block the orc warrior's attack. You block the orc wizard's attack.
An orc wizard comes into view. It is wielding a dagger.
Things that are here:
a hand axe; an orc corpse The orc warrior hits you from afar with a glaive!
* * * LOW HITPOINT WARNING * * *
You closely miss the orc wizard. You headbutt the orc wizard!
The orc wizard is severely wounded.
The orc wizard casts a spell at you. The puff of frost hits you!
You die...

..##....###.# #...#
####....###.####...##
...#......#...#.....#
...'......#.........#
..##.....##....#.##.#
###################.##.##
...# #........# ...#
#.######## ...# #@# ...#
#o# ##.# #oo....o. ###
#o....... ##..o...o
#...#.. #.## 8 ##


You could see an orc warrior, an orc wizard and 3 orcs.

Vanquished Creatures
  A two-headed ogre (D:8)
  The ghost of Alfie the Slasher, a novice MiFi (D:5)
  The ghost of Alfie the Slasher, an amateur MiFi (D:4)
  3 hippogriffs
  2 wyverns (D:8)
  Sigmund (D:3)
  2 hungry ghosts
  2 ice beasts
  3 sky beasts
  An orc warrior (D:10)
  2 necrophages
  2 phantoms
  3 ogres
  7 centaurs
  A crocodile (Sewer)
  2 big kobolds
  6 bullfrogs
  3 scorpions
  9 killer bees
  5 wights (D:9)
  A howler monkey (D:6)
  6 crimson imps
  A bullfrog zombie (D:8)
  A quasit (D:8)
  A jelly (D:7)
  2 orc priests
  2 bullfrog skeletons
  2 hounds
  A centaur skeleton (D:8)
  Ijyb (D:3)
  Terence (D:3)
  10 orc wizards
  8 worker ants
  2 hound skeletons
  A hound zombie (D:9)
  10 gnolls
  7 adders
  A river rat (D:4)
  2 adder skeletons
  A worm (D:2)
  2 dart slugs
  7 leopard geckos
  30 orcs
  A ball python (D:1)
  9 bats
  7 giant cockroaches
  5 goblins
  5 hobgoblins
  11 jackals
  5 quokkas
  2 frilled lizards
  14 kobolds
  A leopard gecko skeleton (D:8)
  A quokka skeleton (D:8)
  A quokka zombie (D:6)
  5 rats
224 creatures vanquished.

Vanquished Creatures (collateral kills)
  A quokka zombie (D:6)
1 creature vanquished.

Grand Total: 225 creatures vanquished

Notes
Turn   | Place    | Note
-------+----------+-------------------------------------------
     0 | D:1      | Alfie the Minotaur Fighter began the quest for the Orb.
     0 | D:1      | Reached XP level 1. HP: 19/19 MP: 0/0
   376 | D:1      | Reached XP level 2. HP: 27/27 MP: 1/1
   807 | D:2      | Reached XP level 3. HP: 21/33 MP: 2/2
   872 | D:2      | Reached XP level 4. HP: 18/40 MP: 3/3
   875 | D:2      | Reached skill level 3 in Long Blades
   875 | D:2      | Reached skill level 1 in Dodging
  1237 | D:3      | Noticed Ijyb
  1248 | D:3      | Killed Ijyb
  1360 | D:3      | Reached skill level 4 in Long Blades
  1542 | D:3      | Noticed Terence
  1555 | D:3      | Killed Terence
  1555 | D:3      | Reached skill level 5 in Shields
  1555 | D:3      | Reached XP level 5. HP: 42/46 MP: 4/4
  1793 | D:3      | Noticed Sigmund
  1803 | D:3      | Killed Sigmund
  1803 | D:3      | Reached XP level 6. HP: 40/52 MP: 5/5
  2154 | D:4      | Found a glowing drain.
  2158 | Sewer    | Entered a sewer
  2178 | Sewer    | Reached skill level 5 in Long Blades
  2224 | Sewer    | Reached skill level 5 in Armour
  2326 | D:4      | Reached XP level 7. HP: 38/59 MP: 6/6
  2398 | D:4      | Found a hide-covered altar of Uskayaw.
  2777 | D:4      | Reached skill level 6 in Long Blades
  2785 | D:4      | Noticed Alfie's ghost (amateur MiFi)
  2809 | D:4      | Killed Alfie's ghost
  3110 | D:5      | Entered Level 5 of the Dungeon
  3124 | D:5      | Reached skill level 5 in Fighting
  3124 | D:5      | Reached skill level 7 in Long Blades
  3124 | D:5      | Reached XP level 8. HP: 57/68 MP: 7/7
  3424 | D:5      | Noticed Alfie's ghost (novice MiFi)
  3475 | D:5      | Killed Alfie's ghost
  3475 | D:5      | Reached skill level 8 in Long Blades
  4106 | D:6      | Found a staircase to the Ecumenical Temple.
  4252 | D:6      | Reached XP level 9. HP: 75/75 MP: 8/8
  4327 | D:6      | Reached skill level 9 in Long Blades
  4581 | D:6      | Found a bloodstained altar of Trog.
  4771 | D:7      | Found an iron altar of Okawaru.
  5277 | D:7      | Found a sparkling altar of Nemelex Xobeh.
  5485 | D:8      | Reached skill level 10 in Long Blades
  5545 | D:8      | Noticed a two-headed ogre
  5553 | D:8      | Killed a two-headed ogre
  5553 | D:8      | Reached XP level 10. HP: 71/86 MP: 9/9
  5633 | D:8      | Found Ocwulets's Food Emporium.
  5642 | D:8      | Bought a bread ration for 70 gold pieces
  5642 | D:8      | Bought a meat ration for 70 gold pieces
  5642 | D:8      | Bought a bread ration for 70 gold pieces
  6123 | D:9      | Reached skill level 1 in Stealth
  6194 | D:9      | Reached skill level 5 in Dodging
  6204 | D:9      | Reached skill level 11 in Long Blades
  6335 | D:9      | Found Juett's Assorted Antiques.
  6366 | D:9      | Bought a potion of curing for 90 gold pieces
  6366 | D:9      | Bought a potion of ambrosia for 240 gold pieces
  6455 | D:9      | Reached skill level 10 in Shields
  6614 | D:10     | Entered Level 10 of the Dungeon
  7145 | D:10     | HP: 2/88 [orc warrior/glaive (11)]
  7146 | D:10     | Killed from afar by an orc wizard

Skill      XL: |  1  2  3  4  5  6  7  8  9 10 |
---------------+-------------------------------+-----
Armour         | 4 5 6 7 9 |  9.1
Fighting       | 4 5 6 7 8 |  8.2
Shields        | 4 5 6 7 9 10 | 10.5
Long Blades    | 4 5 7 8 10 11 | 11.6
Dodging        | 1 2 3 4 5 |  5.5
Stealth        | 1 |  1.0

Action                   |  1- 3 |  4- 6 |  7- 9 | 10-12 || total
-------------------------+-------+-------+-------+-------++-------
Melee: Long sword        |    78 |   135 |   316 |   182 ||   711
       Headbutt          |     8 |    19 |    65 |    43 ||   135
  Use: Scroll            |       |     9 |    11 |     8 ||    28
       Potion            |       |     1 |    10 |     1 ||    12
  Eat: Bread ration      |       |     1 |     1 |       ||     2
       Royal jelly       |       |     1 |     1 |       ||     2
       Meat ration       |       |       |     1 |       ||     1
       Chunk             |       |       |       |     5 ||     5
       Fruit             |       |       |       |     4 ||     4
Armor: Scale mail        |    46 |    60 |    88 |    54 ||   248
Dodge: Dodged            |    20 |    43 |   103 |    69 ||   235
Block: Shield            |    60 |    75 |   166 |   122 ||   423
       Rpst.: Long sword |     4 |     7 |    23 |    16 ||    50
